 Dungeon Crawl Stone Soup version 0.31-a0-237-g2d982f9f85 (webtiles) character file.

Game seed: 14238556066327846800

553 qw the Shooter (level 7, 0/41 HPs)
             Began as a Gargoyle Hexslinger on July 11, 2023.
             Slain by Robin
             ... wielding a +0 trident
              (6 damage)
             ... on level 4 of the Dungeon.
             The game lasted 00:01:18 (2424 turns).

qw the Shooter (Gargoyle Hexslinger)                Turns: 2424, Time: 00:01:18

Health: 0/41       AC: 12    Str: 11    XL:     7   Next: 29%
Magic:  8/8        EV: 10    Int: 14    God:
Gold:   128        SH:  0    Dex: 14    Spells: 7/8 levels left

rFire   . . .        Y - +3 sling (freeze)
rCold   . . .        (no shield)
rNeg    + . .        d - +0 ring mail
rPois   inf          (no helmet)
rElec   +            (no cloak)
rCorr   .            j - +0 pair of gloves
SInv    .            (no boots)
Will    .....        g - amulet of regeneration
Stlth   +            (no ring)
HPRegen 1.06/turn    (no ring)
MPRegen 0.11/turn

%: no passive effects
@: no status effects
A: sickness immunity, AC +4, negative energy resistance 1, electricity
resistance, torment resistance 1, petrification resistance
a: no special abilities


You were on level 4 of the Dungeon.
You visited 1 branch of the dungeon, and saw 4 of its levels.

You collected 128 gold pieces.


Innate Abilities, Weirdness & Mutations

You are immune to sickness and miasma.
Your stone body is resilient. (AC +4)
You are immune to poison.
You resist negative energy. (rN+)
You are resistant to electric shocks. (rElec)
You are resistant to unholy torment.
You are immune to petrification.


   Skills:
 - Level 3.3 Fighting
 + Level 5.5 Ranged Weapons
 - Level 4.7 Armour
 - Level 1.5 Dodging
 - Level 1.0 Spellcasting
 - Level 2.6 Hexes


You had 7 spell levels left.
You knew the following spells:

 Your Spells              Type           Power      Damage    Failure   Level
a - Slow                  Hex            32%        N/A       19%         1

Your spell library contained the following spells:

 Spells                   Type           Power      Damage    Failure   Level
 Inner Flame              Hex/Fire       4%         N/A       69%         3
 Portal Projectile        Hex/Tloc       8%         N/A       69%         3
 Cause Fear               Hex            4%         N/A       88%         4

Inventory:

Hand Weapons
 Y - a +3 sling of freezing (weapon)
Armour
 d - a +0 ring mail (worn)
 j - a +0 pair of gloves (worn)
Jewellery
 g - an amulet of regeneration (around neck)
Scrolls
 h - a scroll of identify
Potions
 a - a potion of mutation {unknown}
 c - a potion of berserk rage {unknown}
 f - a potion of curing
 i - a potion of heal wounds {unknown}

Dungeon Overview and Level Annotations

Branches:
Dungeon (4/15)
 Temple: D:4-7

Altars:
Hepliaklqana
Trog

Shops:
D:3 (

Annotations:
D:4 Robin


Message History

The goblin closely misses you. The goblin barely misses you.
You shoot a sling bullet. The sling bullet hits the goblin.
The sling bullet freezes the goblin.
You kill the goblin!
Robin throws the goblin at you! The goblin barely misses you.
The goblin misses you. The goblin barely misses you.
The goblin closely misses you.
You shoot a sling bullet. The sling bullet hits the goblin!
The sling bullet freezes the goblin.
You kill the goblin!
The goblin hits you but does no damage. Robin throws the goblin at you!
The goblin hits you but does no damage. x2; The gnoll closely misses you.
The goblin hits you but does no damage. x3
Robin hits you from afar with a +0 trident.
You shoot a sling bullet. The sling bullet hits the gnoll.
The sling bullet freezes the gnoll.
The gnoll is heavily wounded.
The goblin no longer looks unusually strong.
The goblin barely misses you. The goblin closely misses you.
The gnoll hits you with a +0 club.
Robin roars a battlecry!
The goblin goes into a battle-frenzy!
The goblin hits you but does no damage.
You shoot a sling bullet. The sling bullet hits the gnoll.
The sling bullet freezes the gnoll.
You kill the gnoll!
The goblin hits you but does no damage. The goblin barely misses you.
The goblin hits you but does no damage. Robin closely misses you.
You shoot a sling bullet.
The sling bullet closely misses the goblin.
The goblin no longer looks unusually strong. x2
The goblin barely misses you. The goblin hits you with a +0 dagger.
Robin closely misses you. The goblin hits you but does no damage.
You shoot a sling bullet. The sling bullet hits the goblin.
The sling bullet freezes the goblin.
You kill the goblin!
Robin throws the goblin at you! The goblin hits you but does no damage.
The goblin closely misses you.
Robin hits you from afar with a +0 trident.
You die...

# ## #.. ###. #.[.#
##..#...# #### #g#)..#..
##..## ##g@g#...#
##....# #..#.g.#.).#
##.....#### #....#..$#).
#.........###..#..)#...#
##...#.......#...#...#.
#######.##..#.#...#..
###.......)..)#...#
####....##.##......#.
#.#.....##.)......#.


You could see Robin and 3 goblins.

Vanquished Creatures
  Grinder (D:3)
  A black bear (D:4)
  3 hounds (D:4)
  3 adders
  5 gnolls
  2 ufetubi (D:4)
  6 orcs (D:4)
  6 ball pythons
  8 bats
  9 endoplasms
  8 giant cockroaches
  12 goblins
  10 hobgoblins
  5 kobolds
  4 quokkas
  4 frilled lizards
  7 rats
94 creatures vanquished.

Notes
Turn   | Place    | Note
-------+----------+-------------------------------------------
     0 | D:1      | qw the Gargoyle Hexslinger began the quest for the Orb.
     0 | D:1      | Reached XP level 1. HP: 12/12 MP: 2/2
     0 | D:1      | 0 ||| qw: Version: 0.3-a-52-g30416fa
     0 | D:1      | 0 ||| qw: Game counter: 5566
     0 | D:1      | 0 ||| qw: Melee chars always use a shield: true
     0 | D:1      | 0 ||| qw: God list: Okawaru
     0 | D:1      | 0 ||| qw: Allow faded altars: false
     0 | D:1      | 0 ||| qw: Do Orc after clearing Dungeon:15 true
     0 | D:1      | 0 ||| qw: Do second Lair branch before Depths: true
     0 | D:1      | 0 ||| qw: Lair rune preference: random
     0 | D:1      | 0 ||| qw: Goals: Normal
     0 | D:1      | 0 ||| PLANNING D:1-11
   198 | D:1      | Reached XP level 2. HP: 16/16 MP: 3/3
   516 | D:1      | Reached skill level 3 in Ranged Weapons
   646 | D:1      | 646 ||| UPGRADING to +0 ring mail.
   656 | D:1      | 656 ||| DROPPING +0 robe.
   657 | D:1      | 657 ||| READING scroll labelled FATHIU MACZUT.
   658 | D:1      | 658 ||| DROPPING scroll of poison.
   815 | D:2      | Reached XP level 3. HP: 21/21 MP: 4/4
   822 | D:2      | Found a faded altar of an unknown god.
  1429 | D:2      | 1429 ||| UPGRADING to amulet of regeneration.
  1434 | D:2      | 1434 ||| READING scroll labelled ZUPAUVUGAPHI.
  1435 | D:2      | 1435 ||| READING scroll labelled NUM DISERICRIZ.
  1436 | D:2      | 1436 ||| READING scroll labelled VIEXIYPPEOFO.
  1441 | D:2      | 1441 ||| READING 2 scrolls labelled UBRIRYE HEMA.
  1442 | D:2      | 1442 ||| READING scroll of enchant weapon.
  1442 | D:2      | 1442 ||| ENCHANTING +2 sling of freezing.
  1443 | D:2      | 1443 ||| READING scroll labelled URETUTORGHA.
  1444 | D:2      | 1444 ||| DRINKING 2 pink potions.
  1637 | D:3      | Found Naunorry's Weapon Boutique.
  1712 | D:3      | Reached XP level 4. HP: 26/26 MP: 5/5
  1729 | D:3      | Found a hazy altar of Hepliaklqana.
  1734 | D:3      | Reached skill level 4 in Ranged Weapons
  1738 | D:3      | Noticed Grinder
  1751 | D:3      | Paralysed by Grinder for 5 turns
  1758 | D:3      | Killed Grinder
  1759 | D:3      | Reached XP level 5. HP: 14/30 MP: 6/6
  1759 | D:3      | Reached XP level 6. HP: 16/35 MP: 7/7
  2086 | D:3      | 2086 ||| UPGRADING to +0 pair of gloves.
  2091 | D:3      | 2091 ||| READING scroll labelled YTAISI TAREU.
  2092 | D:3      | 2092 ||| READING scroll labelled PUENAK XEOCWA.
  2107 | D:4      | Found a bloodstained altar of Trog.
  2250 | D:4      | Reached skill level 5 in Ranged Weapons
  2338 | D:4      | Noticed a black bear
  2346 | D:4      | Killed a black bear
  2347 | D:4      | Reached skill level 3 in Fighting
  2347 | D:4      | Reached XP level 7. HP: 38/41 MP: 8/8
  2388 | D:4      | Noticed Robin
  2390 | D:4      | 2390 ||| Stepping ~*~*~tactically~*~*~ (outnumbered).
  2414 | D:4      | HP: 7/41 [goblin/+0 dagger[Robin] (5)]
  2420 | D:4      | HP: 4/41 [Robin/+0 trident (6)]
  2424 | D:4      | Slain by Robin

Levels and vault maps discovered:
D:1:      eino_arrival_cavern_a, layout_loops_ring
D:2:      layout_basic, serial_forest, infiniplex_forest_zigzag_1,
          infiniplex_forest_lined_3, infiniplex_forest_corner_1,
          infiniplex_forest_end_2, infiniplex_forest_straight_3,
          infiniplex_forest_end_2, ebering_ecumenical_altar_box,
          minmay_worlds_worst_comb
D:3:      layout_loops_cross, nicolae_overflow_crystal_walls, serial_shops,
          shop, uniq_grinder
D:4:      layout_cave_pools, bloody_trog, minmay_temple_entry_hall, hex_medium,
          uniq_robin

Skill      XL: |  1  2  3  4  5  6 |
---------------+-------------------+-----
Ranged Weapons | 3 4 5 |  5.5
Fighting       | 2 3 |  3.3
Armour         | 4 |  4.7
Dodging        | |  1.5
Spellcasting   | |  1.0
Hexes          | |  2.6

Action                     |  1- 3 |  4- 6 |  7- 9 || total
---------------------------+-------+-------+-------++-------
   Fire: Sling             |   176 |   103 |    54 ||   333
    Use: Scroll            |     7 |     2 |       ||     9
         Potion            |     1 |       |       ||     1
 Armour: Robe              |    11 |       |       ||    11
         Ring mail         |    33 |    63 |    91 ||   187
  Dodge: Dodged            |    72 |    39 |    80 ||   191

Table legend:
 A = Non-vault XP
 B = Vault XP
 C = Vault XP percentage of total XP
 D = Non-vault monster count
 E = Vault monster count
 F = Vault count percentage of total count
                 A         B        C        D         E       F
            +---------+---------+-------+---------+---------+-------
      Total |     497 |     295 |  37.2 |      80 |      14 |  14.9
            +---------+---------+-------+---------+---------+-------
        D:1 |      19 |       0 |   0.0 |      11 |       0 |   0.0
        D:2 |      31 |      10 |  24.4 |      20 |       5 |  20.0
        D:3 |      86 |     272 |  76.0 |      24 |       1 |   4.0
        D:4 |     361 |      13 |   3.5 |      25 |       8 |  24.2
            +---------+---------+-------+---------+---------+-------
